 Dungeon Crawl Stone Soup version 0.27.0-66-gdc8fb28755 (webtiles) character file.

Game seed: 8066187534486487982

254 Renzlar the Shield-Bearer (level 6, -2/53 HPs)
             Began as a Gnoll Fighter on Aug 20, 2021.
             Slain by a gnoll (3 damage)
             ... on level 3 of the Dungeon.
             The game lasted 00:10:19 (2687 turns).

Renzlar the Shield-Bearer (Gnoll Fighter)           Turns: 2687, Time: 00:10:19

Health: -2/53      AC: 13    Str: 18    XL:     6   Next: 14%
Magic:  8/8        EV:  6    Int:  7    God:
Gold:   153        SH: 15    Dex: 11    Spells: 8/8 levels left

rFire    . . .     SeeInvis .   a - +0 war axe
rCold    . . .     Faith    .   f - +0 kite shield
rNeg     . . .     Spirit   .   t - +0 chain mail
rPois    .         Reflect  +   n - +0 helmet
rElec    .         Harm     .   w - +0 cloak
rCorr    .         Rampage  .   (no gloves)
Will     .....                  (no boots)
Stlth    ..........             m - amulet of reflection
HPRegen  0.17/turn              (no ring)
MPRegen  0.11/turn              (no ring)

@: no status effects
A: fangs 1, strong nose, distributed training
a: no special abilities


You were on level 3 of the Dungeon.
You visited 1 branch of the dungeon, and saw 3 of its levels.

You collected 153 gold pieces.

Inventory:

Hand Weapons
 a - a +0 war axe (weapon)
 c - a +0 hunting sling
 s - a +2 dagger of speed
Missiles
 e - 2 poisoned darts (quivered)
 g - 106 stones
 l - 15 bolts
 u - 26 sling bullets
Armour
 b - a +0 scale mail
 f - a +0 kite shield (worn)
 n - a +0 helmet (worn)
 t - a +0 chain mail (worn)
 w - a +0 cloak (worn)
Jewellery
 m - an amulet of reflection (around neck)
Wands
 d - a wand of digging (7)
Scrolls
 h - 2 scrolls of magic mapping {unknown}
 i - 4 scrolls of teleportation {unknown}
 q - 3 scrolls of identify {unknown}
 r - a scroll of enchant weapon {unknown}
 v - a scroll of immolation {unknown}
Potions
 j - a potion of haste {unknown}
 k - a potion of curing {unknown}
 o - a potion of berserk rage {unknown}
 p - a potion of attraction {unknown}
 x - a potion of ambrosia {unknown}


   Skills:
 + Level 6.8 Fighting
 + Level 1.8 Short Blades
 + Level 1.8 Long Blades
 + Level 4.9 Axes
 + Level 1.8 Maces & Flails
 + Level 1.8 Polearms
 + Level 1.8 Staves
 + Level 1.8 Slings
 + Level 1.8 Bows
 + Level 1.8 Crossbows
 + Level 1.8 Throwing
 + Level 6.8 Armour
 + Level 1.8 Dodging
 + Level 1.8 Stealth
 + Level 6.8 Shields
 + Level 1.8 Unarmed Combat
 + Level 1.8 Spellcasting
 + Level 1.4 Conjurations
 + Level 1.4 Hexes
 + Level 1.4 Summonings
 + Level 1.4 Necromancy
 + Level 1.4 Translocations
 + Level 1.4 Transmutations
 + Level 1.4 Fire Magic
 + Level 1.4 Ice Magic
 + Level 1.4 Air Magic
 + Level 1.4 Earth Magic
 + Level 1.4 Poison Magic
 + Level 2.0 Invocations
 + Level 1.8 Evocations


You had 8 spell levels left.
You didn't know any spells.
Your spell library contained the following spells:

 Spells                   Type           Power      Damage    Failure   Level
 Apportation              Tloc           4%         N/A       100%        1
 Frozen Ramparts          Ice            4%         1d2       100%        3
 Hailstorm                Conj/Ice       2%         3d3       100%        4
 Alistair's Intoxication  Tmut/Pois      1%         N/A       100%        5
 Invisibility             Hex            1%         N/A       100%        6
 Ozocubu's Refrigeration  Ice            1%         4d5       100%        7


Dungeon Overview and Level Annotations

Branches:
Dungeon (3/15)

Altars:
Makhleb

Annotations:
D:3 Sigmund


Innate Abilities, Weirdness & Mutations

You have very sharp teeth.
Your uncanny sense of smell can sniff out nearby items.
Your experience applies equally to all skills.


Message History

Sigmund flickers and vanishes!
Deactivating autopickup; reactivate with Ctrl-A.
The orc hits you with a +0 dagger.
The gnoll hits you from afar with a +0 halberd.
You closely miss the orc. The orc hits you with a +0 dagger.
You block the gnoll's attack.
You closely miss the orc. You bite the orc, but do no damage.
The orc hits you but does no damage.
The gnoll hits you from afar with a +0 halberd!
You block the orc's attack.
You barely miss the orc.
The gnoll hits you from afar with a +0 halberd.
You block the orc's attack. You block the gnoll's attack.
You hit the orc but do no damage. The orc completely misses you.
You block the gnoll's attack.
You slash the orc!
You kill the orc!
You block the gnoll's attack. You block the jackal's attack.
You hit the jackal but do no damage. You block the jackal's attack.
The gnoll hits you from afar with a +0 halberd!
* * * LOW HITPOINT WARNING * * *
The jackal bites you but does no damage.
You block the gnoll's attack.
You slash the jackal!
You kill the jackal!
The kobold throws a stone.
You reflect the stone off an invisible shield around you!
The stone hits the kobold but does no damage.
The gnoll hits you from afar with a +0 halberd!
* * * LOW HITPOINT WARNING * * *
The orc hits you but does no damage.
Unknown command.
You barely miss the orc. You block the gnoll's attack.
Something hits you but does no damage. The orc hits you but does no damage.
You block the gnoll's attack. Something hits you!
* * * LOW HITPOINT WARNING * * *
Unknown command.
You barely miss the orc. You block the orc's attack.
The gnoll hits you from afar with a +0 halberd.
You die... ##.# #.# ∆ #.# #.# #.# #.# #.# #.# #@# #o# .gK

..K.. .......
.........
.....(.....
......>......


You could see a gnoll, an orc and 2 kobolds.

Vanquished Creatures
  A hound (D:2)
  Crazy Yiuf (D:3)
  Jessica (D:2)
  Terence (D:2)
  Robin (D:2)
  2 gnolls (D:3)
  2 adders (D:2)
  A worm (D:3)
  A dart slug (D:3)
  5 orcs (D:3)
  3 endoplasms
  5 giant cockroaches
  15 goblins
  8 hobgoblins
  6 jackals
  7 quokkas
  5 ball pythons
  3 bats
  A frilled lizard (D:3)
  5 kobolds
  7 rats
81 creatures vanquished.

Vanquished Creatures (others)
  A plant (D:3)
1 creature vanquished.

Grand Total: 82 creatures vanquished

Notes
Turn   | Place    | Note
-------+----------+-------------------------------------------
     0 | D:1      | Renzlar the Gnoll Fighter began the quest for the Orb.
     0 | D:1      | Reached XP level 1. HP: 23/23 MP: 1/1
   152 | D:1      | Reached XP level 2. HP: 25/29 MP: 2/2
   616 | D:1      | Reached XP level 3. HP: 35/35 MP: 3/3
   864 | D:1      | Reached skill level 1 in Invocations
  1176 | D:2      | Noticed Robin
  1197 | D:2      | Killed Robin
  1198 | D:2      | Reached skill level 1 in Short Blades
  1198 | D:2      | Reached skill level 1 in Long Blades
  1198 | D:2      | Reached skill level 1 in Maces & Flails
  1198 | D:2      | Reached skill level 1 in Polearms
  1198 | D:2      | Reached skill level 1 in Staves
  1198 | D:2      | Reached skill level 1 in Slings
  1198 | D:2      | Reached skill level 1 in Bows
  1198 | D:2      | Reached skill level 1 in Crossbows
  1198 | D:2      | Reached skill level 1 in Throwing
  1198 | D:2      | Reached skill level 1 in Dodging
  1198 | D:2      | Reached skill level 1 in Stealth
  1198 | D:2      | Reached skill level 1 in Unarmed Combat
  1198 | D:2      | Reached skill level 1 in Spellcasting
  1198 | D:2      | Reached skill level 1 in Evocations
  1198 | D:2      | Reached XP level 4. HP: 22/41 MP: 5/5
  1396 | D:2      | Reached skill level 1 in Conjurations
  1396 | D:2      | Reached skill level 1 in Hexes
  1396 | D:2      | Reached skill level 1 in Summonings
  1396 | D:2      | Reached skill level 1 in Necromancy
  1396 | D:2      | Reached skill level 1 in Translocations
  1396 | D:2      | Reached skill level 1 in Transmutations
  1396 | D:2      | Reached skill level 1 in Fire Magic
  1396 | D:2      | Reached skill level 1 in Ice Magic
  1396 | D:2      | Reached skill level 1 in Air Magic
  1396 | D:2      | Reached skill level 1 in Earth Magic
  1396 | D:2      | Reached skill level 1 in Poison Magic
  1540 | D:2      | Noticed Jessica
  1549 | D:2      | Killed Jessica
  1550 | D:2      | Reached XP level 5. HP: 47/47 MP: 5/7
  1581 | D:2      | Noticed Terence
  1602 | D:2      | Killed Terence
  1923 | D:2      | Found a burning altar of Makhleb.
  2385 | D:3      | Got the Incunabulum of the Glacier
  2394 | D:3      | Found a faded altar of an unknown god.
  2534 | D:3      | Found a runed translucent door.
  2535 | D:3      | Noticed Crazy Yiuf
  2543 | D:3      | Killed Crazy Yiuf
  2609 | D:3      | Reached XP level 6. HP: 53/53 MP: 8/8
  2652 | D:3      | Noticed Sigmund
  2686 | D:3      | HP: 1/53 [something (7)]
  2687 | D:3      | Slain by a gnoll

Illustrated notes

Levels and vault maps discovered:
D:1:      lemuel_arrival_river_ford, layout_loops_ring
D:2:      layout_loops_ring, basic_altar, minmay_hexomino_f4, uniq_jessica,
          uniq_robin, uniq_terence
D:3:      layout_rooms, dreamdust_ecumenical_altar_hidden_monk_grotto,
          serial_bayou_pond_d, uniq_sigmund, uniq_crazy_yiuf_cottage

Skill      XL: |  1  2  3  4  5 |
---------------+----------------+-----
Invocations    | 1 2 |  2.0
Short Blades   | 1 |  1.8
Long Blades    | 1 |  1.8
Maces & Flails | 1 |  1.8
Polearms       | 1 |  1.8
Staves         | 1 |  1.8
Slings         | 1 |  1.8
Bows           | 1 |  1.8
Crossbows      | 1 |  1.8
Throwing       | 1 |  1.8
Dodging        | 1 |  1.8
Stealth        | 1 |  1.8
Unarmed Combat | 1 |  1.8
Spellcasting   | 1 |  1.8
Evocations     | 1 |  1.8
Conjurations   | 1 |  1.4
Hexes          | 1 |  1.4
Summonings     | 1 |  1.4
Necromancy     | 1 |  1.4
Translocations | 1 |  1.4
Transmutations | 1 |  1.4
Fire Magic     | 1 |  1.4
Ice Magic      | 1 |  1.4
Air Magic      | 1 |  1.4
Earth Magic    | 1 |  1.4
Poison Magic   | 1 |  1.4
Fighting       | |  6.8
Axes           | |  4.9
Armour         | |  6.8
Shields        | |  6.8

Action                   |  1- 3 |  4- 6 || total
-------------------------+-------+-------++-------
Melee: War axe           |   104 |   134 ||   238
       Bite              |    10 |     9 ||    19
 Fire: Hunting sling     |    39 |    42 ||    81
  Use: Potion            |       |     1 ||     1
Armor: Scale mail        |    31 |    20 ||    51
       Chain mail        |       |    33 ||    33
Dodge: Dodged            |    37 |    28 ||    65
Block: Kite shield       |    70 |   146 ||   216
       Reflection        |       |     3 ||     3
